 Dungeon Crawl Stone Soup version 0.23.2-1-ga50397a6bc (webtiles) character file.

Game seed: 9809919694876202437

63 Descartes the Ducker (level 3, 0/17 HPs)
             Began as a Felid Monk on May 7, 2019.
             Slain by a gnoll
             ... wielding a +0 whip
              (7 damage)
             ... on level 2 of the Dungeon.
             The game lasted 00:03:30 (2311 turns).

Descartes the Ducker (Felid Monk)                   Turns: 2311, Time: 00:03:31

Health: 0/17       AC:  1    Str:  7    XL:     3   Next: 89%
Magic:  4/4        EV: 21    Int: 11    God:
Gold:   34         SH:  0    Dex: 19    Spells: 2/2 levels left
                                        Lives:  0   Deaths: 0

rFire    . . .     SeeInvis +     - Unarmed
rCold    . . .     Gourm    .   (shield unavailable)
rNeg     . . .     Faith    .   (armour unavailable)
rPois    .         Spirit   .   (helmet unavailable)
rElec    .         Reflect  .   (cloak unavailable)
rCorr    .         Harm     .   (gloves unavailable)
MR       .....                  (boots unavailable)
Stlth    +++.......             (no amulet)
HPRegen  0.05/turn              (no ring)
MPRegen  0.09/turn              (no ring)

@: quick
A: very small, no armour, no weapons or thrown items, stealth, claws 1, fangs 3,
see invisible, carnivore, speed 1, shaggy fur 1, slow metabolism 1, sharp paws
a: no special abilities


You were on level 2 of the Dungeon.
You were completely stuffed.

You visited 1 branch of the dungeon, and saw 2 of its levels.

You collected 34 gold pieces.

Inventory:

Jewellery
 h - a +6 amulet of reflection {unknown}
Scrolls
 b - 3 scrolls of magic mapping {unknown}
 c - a scroll of teleportation {unknown}
 d - a scroll of remove curse {unknown}
 e - a scroll of identify {unknown}
 g - a scroll of noise {unknown}
Comestibles
 a - 3 rations


   Skills:
 + Level 3.5 Fighting
 + Level 4.7 Dodging
 + Level 3.8 Stealth
 + Level 3.5 Unarmed Combat


You had 2 spell levels left.
You didn't know any spells.
Your spell library was empty.

Dungeon Overview and Level Annotations

Branches:
Dungeon (2/15)

Altars:


Innate Abilities, Weirdness & Mutations

You cannot wear armour.
You are incapable of wielding weapons or throwing items.
Your paws allow you to move quietly. (Stealth)
You have sharp claws.
You have razor-sharp teeth.
You have supernaturally acute eyesight. (SInv)
You are carnivorous and can eat meat at any time.
You cover ground quickly.
You are covered in fur. (AC +1)
You have a slow metabolism.
Your sharp claws are effective at attacking unaware monsters.


Message History

You scratch the dart slug.
The dart slug is heavily wounded.
The dart slug misses you.
You scratch the dart slug.
You kill the dart slug!
Found a ration.
You start resting.
The gnoll is too close now for your liking.
The gnoll shouts! x2
You scratch the gnoll.
The gnoll is lightly wounded.
The gnoll hits you with a +0 whip!
Ouch! That really hurt!
You are too injured to fight recklessly!
You are too injured to fight recklessly!
You are too injured to fight recklessly!
You barely miss the gnoll.
The gnoll is lightly wounded.
The gnoll hits you with a +0 whip!
You die...

........##.....
..............# #.#.........
###+###...........#
..#..................
....%................
.#............#......
...............[.....
.#..#......@g##$..... #.
##.........g..... #.
#............... ..#..
####............
..#..#####....##..#...
.............................
........................
.....g
.......#..##............
......
..........##...#........
......


You could see 2 gnolls.

Vanquished Creatures
  An adder (D:1)
  A gnoll (D:1)
  A worm (D:2)
  A dart slug (D:2)
  A leopard gecko (D:1)
  A ball python (D:1)
  6 bats
  4 giant cockroaches (D:1)
  7 goblins
  4 hobgoblins (D:1)
  2 kobolds (D:1)
  A frilled lizard (D:2)
  5 rats (D:1)
35 creatures vanquished.

Notes
Turn   | Place    | Note
-------+----------+-------------------------------------------
     0 | D:1      | Descartes the Felid Monk began the quest for the Orb.
     0 | D:1      | Reached XP level 1. HP: 10/10 MP: 2/2
   470 | D:1      | Reached XP level 2. HP: 14/14 MP: 3/3
   822 | D:1      | Reached XP level 3. HP: 13/17 MP: 4/4
  2311 | D:2      | Slain by a gnoll

Skill      XL: |  1 |
---------------+----+-----
Stealth        | 3 |  3.8
Fighting       | |  3.5
Dodging        | |  4.7
Unarmed Combat | |  3.5

Action                   || total
-------------------------++-------
Melee: Unarmed           ||   105
       Bite              ||     5
       Punch             ||     2
 Stab: Sleeping          ||     4
  Eat: Chunk             ||    10
Armor: Skin              ||     7
Dodge: Dodged            ||    81
